 Dungeon Crawl Stone Soup version 0.31-a0-702-gf82c85558f (webtiles) character file.

Game seed: 5692553234700777031

36 qw the Shooter (level 3, -4/22 HPs)
             Began as a Gargoyle Hunter on Sept 7, 2023.
             Slain by Sigmund
             ... wielding a +0 scythe
              (7 damage)
             ... on level 2 of the Dungeon.
             The game lasted 00:00:23 (812 turns).

qw the Shooter (Gargoyle Hunter)                     Turns: 812, Time: 00:00:24

Health: -4/22      AC:  6    Str: 14    XL:     3   Next: 37%
Magic:  3/3        EV: 11    Int:  9    God:
Gold:   76         SH:  0    Dex: 15    Spells: 2/2 levels left

rFire   . . .        Y - +0 shortbow
rCold   . . .        (shield currently unavailable)
rNeg    + . .        c - +0 leather armour
rPois   inf          (no helmet)
rElec   +            (no cloak)
rCorr   .            (no gloves)
SInv    .            (no boots)
Will    .....        (no amulet)
Stlth   ++           (no ring)
HPRegen 0.23/turn    (no ring)
MPRegen 0.08/turn

%: no passive effects
@: no status effects
A: sickness immunity, AC +3, negative energy resistance 1, electricity
resistance, torment resistance 1, petrification resistance
a: no special abilities


You were on level 2 of the Dungeon.
You visited 1 branch of the dungeon, and saw 2 of its levels.

You collected 76 gold pieces.


Innate Abilities, Weirdness & Mutations

You are immune to sickness and miasma.
Your stone body is resilient. (AC +3)
You are immune to poison.
You resist negative energy. (rN+)
You are resistant to electric shocks. (rElec)
You are resistant to unholy torment.
You are immune to petrification.


   Skills:
 + Level 2.5 Fighting
 - Level 5.0 Ranged Weapons
 - Level 1.5 Dodging
 - Level 1.1 Stealth


You had 2 spell levels left.
You didn't know any spells.
Your spell library was empty.

Inventory:

Hand Weapons
 Y - a +0 shortbow (weapon)
Armour
 c - a +0 leather armour (worn)
Scrolls
 a - a scroll of fear {unknown}
Potions
 j - a potion of heal wounds {unknown}
 k - a potion of curing

Dungeon Overview and Level Annotations

Branches:
Dungeon (2/15)

Altars:

Annotations:
D:2 Sigmund


Message History

Sigmund completely misses you. The adder completely misses you.
Enter note:
805 |||
Found retreat position at 0,-1 (adder; floor) with 0 blocking monsters and 2 monsters attacking at destination at distance 1 You shoot an arrow.
The arrow completely misses the adder.
The adder barely misses you. The adder closely misses you.
806 |||
Found retreat position at 0,-1 (adder; floor) with 0 blocking monsters and 2 monsters attacking at destination at distance 1 You shoot an arrow.
The arrow barely misses the adder.
The adder closely misses you. The adder bites you but does no damage.
Sigmund flickers, as though insubstantial.
Sigmund closely misses you. The adder closely misses you. The adder bites you.
807 |||
Found retreat position at 0,-1 (adder; floor) with 0 blocking monsters and 2 monsters attacking at destination at distance 1 You shoot an arrow.
The arrow misses the adder.
The adder barely misses you. The adder bites you but does no damage.
Sigmund closely misses you.
808 |||
Found retreat position at 0,-1 (adder; floor) with 0 blocking monsters and 2 monsters attacking at destination at distance 1 You shoot an arrow.
The arrow closely misses the adder.
The adder barely misses you. The adder bites you but does no damage.
The adder completely misses you. The adder misses you. Sigmund misses you.
809 |||
Found retreat position at 0,-1 (adder; floor) with 0 blocking monsters and 2 monsters attacking at destination at distance 1 You shoot an arrow.
The arrow hits the adder.
The adder is moderately wounded.
The adder barely misses you. The adder misses you.
810 |||
Found retreat position at 0,-1 (adder; floor) with 0 blocking monsters and 2 monsters attacking at destination at distance 1 You shoot an arrow.
The arrow hits the adder but does no damage.
The adder is lightly wounded.
The adder bites you but does no damage. The adder closely misses you.
Sigmund hits you from afar with a +0 scythe.
The adder closely misses you. The adder barely misses you.
811 |||
Found retreat position at 0,-1 (adder; floor) with 0 blocking monsters and 2 monsters attacking at destination at distance 1 You shoot an arrow.
The arrow barely misses the adder.
The adder bites you but does no damage. The adder misses you.
Sigmund casts a spell.
Sigmund flickers and vanishes!
Deactivating autopickup; reactivate with Ctrl-A.
The adder barely misses you.
You shoot an arrow. The arrow hits the adder.
The adder is heavily wounded.
The adder barely misses you. Something hits you!
You die...

...# ##.# ... ... ...
#..##..# .. #......
.. # .. .....# ..#
.#.#S ....##..#
....... #S#.....#
.....@.##@#....#
#...........#S..#..#
......#..##.{......#
.........####..#.....
...........#...##....
.........#...#.##....
.........#...........
.........#.###%#.....
.............).......


You could see 2 adders.

Vanquished Creatures
  A dart slug (D:1)
  An endoplasm (D:1)
  A giant cockroach (D:2)
  A goblin (D:2)
  A hobgoblin (D:2)
  4 jackals (D:1)
  3 quokkas (D:1)
  6 ball pythons
  8 bats
  A frilled lizard (D:2)
  4 rats
31 creatures vanquished.

Notes
Turn   | Place    | Note
-------+----------+-------------------------------------------
     0 | D:1      | qw the Gargoyle Hunter began the quest for the Orb.
     0 | D:1      | Reached XP level 1. HP: 12/12 MP: 1/1
     0 | D:1      | 0 ||| qw: Version: 0.3-a-76-g4403597
     0 | D:1      | 0 ||| qw: Game counter: 856
     0 | D:1      | 0 ||| qw: Melee chars always use a shield: true
     0 | D:1      | 0 ||| qw: God list: Okawaru
     0 | D:1      | 0 ||| qw: Allow faded altars: false
     0 | D:1      | 0 ||| qw: Do Orc after clearing Dungeon:15 true
     0 | D:1      | 0 ||| qw: Do second Lair branch before Depths: true
     0 | D:1      | 0 ||| qw: Lair rune preference: random
     0 | D:1      | 0 ||| qw: Goals: Normal
     0 | D:1      | 0 ||| PLANNING D:1-11
   207 | D:1      | Reached XP level 2. HP: 17/17 MP: 2/2
   377 | D:1      | Reached XP level 3. HP: 21/21 MP: 3/3
   722 | D:1      | 722 ||| READING scroll labelled GOHUECE KEMP.
   723 | D:1      | 723 ||| READING scroll labelled IKHLYOWAXIE.
   724 | D:1      | 724 ||| READING scroll labelled AZYCICH WOLAWK.
   725 | D:1      | 725 ||| READING scroll labelled ROJONONYLU.
   726 | D:1      | 726 ||| READING scroll labelled PAIMNO TUHA.
   727 | D:1      | 727 ||| READING scroll labelled NAEDOQ XET CAPH.
   728 | D:1      | 728 ||| READING scroll labelled LOQO SECEAHAG.
   731 | D:1      | 731 ||| DRINKING 2 yellow potions.
   732 | D:1      | 732 ||| DROPPING scroll of butterflies.
   743 | D:2      | Reached skill level 5 in Ranged Weapons
   796 | D:2      | Noticed Sigmund
   798 | D:2      | 798 ||| RETREATING.
   803 | D:2      | 803 ||| Stepping ~*~*~tactically~*~*~ (retreating).
   810 | D:2      | HP: 2/22 [Sigmund/+0 scythe (6)]
   812 | D:2      | Slain by Sigmund

Levels and vault maps discovered:
D:1:      dpeg_arrival_tiny_g, layout_basic, chequers_big_river
D:2:      layout_rooms, basic_altar, uniq_sigmund

Skill      XL: |  1  2  3 |
---------------+----------+-----
Ranged Weapons | 5 |  5.0
Fighting       | |  2.5
Dodging        | |  1.5
Stealth        | |  1.1

Action                     || total
---------------------------++-------
   Fire: Shortbow          ||    90
    Use: Scroll            ||     7
         Potion            ||     1
 Armour: Leather armour    ||    31
  Dodge: Dodged            ||    35

Table legend:
 A = Non-vault XP
 B = Vault XP
 C = Vault XP percentage of total XP
 D = Non-vault monster count
 E = Vault monster count
 F = Vault count percentage of total count
                 A         B        C        D         E       F
            +---------+---------+-------+---------+---------+-------
      Total |      52 |       0 |   0.0 |      31 |       0 |   0.0
            +---------+---------+-------+---------+---------+-------
        D:1 |      38 |       0 |   0.0 |      22 |       0 |   0.0
        D:2 |      14 |       0 |   0.0 |       9 |       0 |   0.0
            +---------+---------+-------+---------+---------+-------
